 Dungeon Crawl Stone Soup version 0.21.1-1-g345015f (webtiles) character file.

195 Fang the Chopper (level 5, -1/51 HPs)
             Began as a Gargoyle Berserker on May 7, 2018.
             Was a Believer of Trog.
             Killed by divine providence
             ... invoked by an orc priest
              (12 damage)
             ... on level 3 of the Dungeon.
             The game lasted 00:02:00 (2023 turns).

Fang the Chopper (Gargoyle Berserker)               Turns: 2023, Time: 00:02:00

Health: -1/51      AC:  6    Str: 27    XL:     5   Next: 74%
Magic:  0/5        EV: 12    Int:  7    God:    Trog [**....]
Gold:   129        SH:  0    Dex:  9    Spells: 4/4 levels left

rFire    . . .     SeeInvis .   a - +0 hand axe
rCold    . . .     Gourm    .   (no shield)
rNeg     + . .     Faith    .   b - +0 animal skin
rPois    ∞         Spirit   +   (no helmet)
rElec    +         Reflect  .   g - scarf {Spirit}
rCorr    .         Harm     .   (no gloves)
MR       .....                  (no boots)
Stlth    ..........             (no amulet)
HPRegen  0.17/turn              (no ring)
MPRegen  0.09/turn              (no ring)

@: berserking, very quick
A: negative energy resistance 1, electricity resistance, unbreathing,
petrification resistance, rot immunity, AC +4
a: Berserk, Trog's Hand, Burn Spellbooks, Renounce Religion


You were on level 3 of the Dungeon.
You worshipped Trog.
Trog was pleased with you.
You were near starving.

You visited 1 branch of the dungeon, and saw 3 of its levels.

You collected 129 gold pieces.

Inventory:

Hand Weapons
 a - a +0 hand axe (weapon)
Armour
 b - a +0 animal skin (worn)
 g - a scarf of spirit shield (worn)
Scrolls
 i - 2 scrolls of identify {unknown}
 j - a scroll of blinking {unknown}
 l - a scroll of amnesia {unknown}
 m - 3 scrolls of remove curse {unknown}
 p - a scroll of random uselessness {unknown}
 q - a scroll of fog {unknown}
 r - a scroll of immolation {unknown}
Potions
 d - 2 potions of agility {unknown}
 e - a potion of magic {unknown}
 f - 2 potions of brilliance {unknown}
 h - a potion of resistance {unknown}
 k - a potion of degeneration {unknown}
 n - 2 potions of invisibility
 o - a potion of cancellation {unknown}
Comestibles
 c - 5 rations


   Skills:
 + Level 4.4 Fighting
 + Level 4.4 Axes
 + Level 2.2 Armour
 + Level 2.4 Dodging
 + Level 0.7 Stealth


You had 4 spell levels left.
You didn't know any spells.

Dungeon Overview and Level Annotations

Branches:
Dungeon (3/15)

Altars:
Nemelex Xobeh


Innate Abilities, Weirdness & Mutations

You are resistant to torment.
Your stone body is resilient. (AC +4)
You are immune to poison.
You resist negative energy. (rN+)
You are resistant to electric shocks. (rElec)
You can survive without breathing.
You are immune to petrification.
You are immune to rotting.


Message History

The tomahawk of returning hits you but does no damage.
The orc hits you with a hand axe of chopping.
* * * LOW HITPOINT WARNING * * *
x2 You barely miss the orc priest.
The orc priest is moderately wounded.
You slash the orc!
You kill the orc!
Trog accepts your kill.
You slash the orc priest!
The orc priest hits you but does no damage.
A gnoll comes into view. It is wielding a spear.
The gnoll shouts!
You slash the orc priest!
The orc priest is severely wounded.
You slash the orc priest!
You kill the orc priest!
Trog accepts your kill.
The orc priest calls down the wrath of Beogh upon you.
Beogh smites you!
You die...

♣P.♣.........P...♣♣.P.
.P.♣P.♣P.P..P.....(.♣..♣
♣.PP..P.PP..P.P.#.P♣.♣
+P♣#.#.P##PPP.......(♣♣
#....#..............
#..#...##...##)#..#. .
#..#.#.###.....####.
....#..#.#<# #..........
#....)@.### #.....#####
......†o†..........# #
.....o..$#####g....#
..?......# #......
.........# #.....#
.........# .........#
.........#


You could see an orc priest, a gnoll and an orc.

Vanquished Creatures
  The ghost of MurderousKitten the Charlatan, an amateur GrAr (D:3)
  An orc priest (D:3)
  Jessica (D:2)
  A gnoll (D:3)
  An adder (D:2)
  An ooze (D:1)
  A dart slug (D:2)
  4 orcs (D:3)
  A giant cockroach (D:2)
  6 hobgoblins
  2 jackals (D:1)
  6 kobolds
  A quokka (D:3)
  2 ball pythons (D:2)
  7 bats
  A frilled lizard (D:1)
  5 goblins
  2 rats (D:1)
44 creatures vanquished.

Notes
Turn   | Place    | Note
-------+----------+-------------------------------------------
     0 | D:1      | Fang the Gargoyle Berserker began the quest for the Orb.
     0 | D:1      | Reached XP level 1. HP: 14/14 MP: 1/1
   256 | D:1      | Reached XP level 2. HP: 19/19 MP: 2/2
   931 | D:1      | Reached XP level 3. HP: 16/23 MP: 3/3
  1055 | D:2      | Reached ** piety under Trog
  1460 | D:2      | Found a sparkling altar of Nemelex Xobeh.
  1460 | D:2      | Noticed Jessica
  1472 | D:2      | Killed Jessica
  1472 | D:2      | Reached XP level 4. HP: 26/29 MP: 2/4
  1705 | D:3      | Found a faded altar of an unknown god.
  1900 | D:3      | Noticed MurderousKitten's ghost (amateur GrAr)
  1912 | D:3      | Killed MurderousKitten's ghost
  1912 | D:3      | Reached XP level 5. HP: 34/34 MP: 5/5
  2023 | D:3      | Killed from afar by an orc priest

Skill      XL: |  1  2  3  4 |
---------------+-------------+-----
Axes           | 3 4 |  4.4
Fighting       | 4 |  4.4
Dodging        | 2 |  2.4
Armour         | |  2.2
Stealth        | |  0.7

Action                   |  1- 3 |  4- 6 || total
-------------------------+-------+-------++-------
Melee: Hand axe          |   110 |    60 ||   170
Invok: Berserk           |       |     2 ||     2
  Eat: Chunk             |     2 |     2 ||     4
Armor: Animal skin       |    48 |    18 ||    66
Dodge: Dodged            |    77 |    25 ||   102
